 Dungeon Crawl Stone Soup version 0.27.1-33-g824d729ab1 (webtiles) character file.

Game seed: 878857646966236919

14767 dianekeaton the Bludgeoner (level 11, 0/141 HPs)
             Began as a Minotaur Berserker on Dec 8, 2021.
             Was an Elder of Trog.
             Succumbed to a cane toad's poison
             ... on level 1 of the Lair of Beasts.
             The game lasted 00:41:53 (12897 turns).

dianekeaton the Bludgeoner (Minotaur Berserker)    Turns: 12897, Time: 00:41:53

Health: 0/141      AC: 21    Str: 21    XL:     11   Next: 93%
Magic:  10/10      EV:  9    Int:  4    God:    Trog [****..]
Gold:   585        SH:  0    Dex: 14    Spells: 10/10 levels left

rFire    . . .     SeeInvis .   z - +2 whip (flame)
rCold    . . .     Faith    .   (no shield)
rNeg     . . .     Spirit   .   y - +0 crystal plate armour
rPois    +         Reflect  .   (helmet restricted)
rElec    .         Harm     .   l - scarf {repulsion}
rCorr    .         Rampage  .   (no gloves)
Will     .....                  (no boots)
Stlth    ..........             (no amulet)
HPRegen  0.33/turn              p - +4 ring of evasion
MPRegen  0.12/turn              g - ring of poison resistance

@: berserking, lethally poisoned (0 -> -17), repel missiles, very quick
A: horns 2, retaliatory headbutt
a: Renounce Religion, Berserk, Trog's Hand, Brothers in Arms


You were on level 1 of the Lair of Beasts.
You worshipped Trog.
Trog was greatly pleased with you.
You visited 2 branches of the dungeon, and saw 11 of its levels.

You collected 585 gold pieces.

Inventory:

Hand Weapons
 a - a +3 mace
 q - a +0 antimagic whip
 z - a +2 whip of flaming (weapon)
 F - a +3 spectral quarterstaff
Armour
 b - a +0 plate armour
 j - +0 steam dragon scales
 l - a scarf of repulsion (worn)
 y - a +0 crystal plate armour (worn)
 A - a +3 leather armour of cold resistance
Jewellery
 g - a ring of poison resistance (right hand)
 n - a ring of resist corrosion
 p - a +4 ring of evasion (left hand)
 D - a ring of see invisible
Wands
 c - a wand of iceblast (27)
 t - a wand of polymorph (9)
 v - a wand of flame (28)
 E - a wand of charming (5)
Scrolls
 s - 3 scrolls of magic mapping
 x - a scroll of blinking
 H - a scroll of brand weapon
 I - a scroll of immolation
Potions
 d - 2 potions of haste
 e - 2 potions of might
 f - a potion of brilliance
 h - 2 potions of magic
 i - a potion of invisibility
 k - 2 potions of lignification
 m - a potion of attraction
 o - 3 potions of cancellation
 r - 3 potions of curing
 u - a potion of heal wounds
 w - 3 potions of resistance
 C - a potion of ambrosia
 G - a potion of mutation


   Skills:
 + Level 8.2 Fighting
 - Level 16.3 Maces & Flails
 * Level 6.0 Throwing
 + Level 11.6 Armour
 + Level 3.2 Dodging


You had 10 spell levels left.
You didn't know any spells.
Your spell library was empty.

Dungeon Overview and Level Annotations

Branches:
Dungeon (10/15)            Temple (0/1) D:6            Lair (1/6) D:10
    Orc: D:9-12

Altars:
Makhleb

Shops:
D:3 [   D:8 *

Annotations:
D:9 1 transporter, pkoi's ghost, novice TrMo
D:10 exclusion: 2 oklob plants


Innate Abilities, Weirdness & Mutations

You have a pair of horns on your head.
You reflexively headbutt those who attack you in melee.


Message History

You feel sick.
You whack the cane toad! You burn the cane toad.
You kill the cane toad!
Trog accepts your kill.
You feel sick.
You feel sick. The cane toad stings you!
* * * LOW HITPOINT WARNING * * *
You are lethally poisoned!
The cane toad poisons you!
You see here a cane toad corpse.
You hit the cane toad. You burn the cane toad.
Your headbutt misses the cane toad.
The cane toad is moderately wounded.
* * * LOW HITPOINT WARNING * * *
You feel sick. The cane toad stings you!
* * * LOW HITPOINT WARNING * * *
You hit the cane toad. You burn the cane toad.
The cane toad is moderately wounded.
* * * LOW HITPOINT WARNING * * *
You feel sick.
You are too berserk!
You hit the cane toad. You burn the cane toad.
The cane toad is heavily wounded.
* * * LOW HITPOINT WARNING * * *
You feel sick.
You hit the cane toad. You burn the cane toad.
Your headbutt misses the cane toad.
The cane toad is severely wounded.
* * * LOW HITPOINT WARNING * * *
You feel sick. The cane toad barely misses you.
You whack the cane toad! You burn the cane toad.
Your headbutt misses the cane toad.
The cane toad is almost dead.
* * * LOW HITPOINT WARNING * * *
You feel sick.
You hit the cane toad. You burn the cane toad.
You feel the power of Trog in you as your rage grows.
You kill the cane toad!
Trog accepts your kill.
You die...

$..♣ .# ## .... ##..
##. .♣... #.. ..
....###.. #.#
#....#.# #.. #.....#
#.. #..♣.+ #. #. #†.#
# ....####@### #.# #.
.........†.# #.. #.#
..#..##†#### #.# ## #
#.# ##.# #.##### ..#
#.....# ####.##
######..###.#...#####
..............[......
#######.##.###..#.###


There were no monsters in sight!

Vanquished Creatures
  Harold (D:7)
  A hydra (Lair:1)
  2 two-headed ogres
  Pikel (D:7)
  A cyclops (D:9)
  Joseph (D:9)
  6 cane toads (Lair:1)
  5 komodo dragons (Lair:1)
  3 trolls (D:10)
  Grinder (D:5)
  A blink frog (Lair:1)
  Sigmund (D:2)
  2 shadows
  A wraith (D:9)
  12 yaks
  Grum (D:8)
  2 steam dragons
  An acid dragon (D:10)
  2 water moccasins
  A sky beast (D:7)
  A black bear (D:5)
  An orc warrior (D:10)
  An ogre (D:6)
  3 wolves (D:8)
  5 centaurs
  2 lemures (D:7)
  The ghost of solopath the Insei, an amateur OpTm (D:3)
  3 phantoms
  3 kobold brigands
  3 bullfrogs
  2 scorpions
  A water moccasin zombie (D:6)
  A water moccasin skeleton (D:6)
  2 wights (D:9)
  2 killer bees (D:10)
  4 howler monkeys (D:10)
  7 centaur zombies
  3 hounds
  A centaur skeleton (D:7)
  A jelly (D:5)
  2 orc priests
  A bullfrog skeleton (D:5)
  A gnoll shaman (D:4)
  Jessica (D:2)
  Ijyb (D:3)
  An iguana (D:6)
  6 orc wizards
  9 adders
  6 gnolls
  An ufetubus (D:4)
  An adder skeleton (D:4)
  2 worms
  3 dart slugs
  25 orcs
  11 ball pythons
  8 endoplasms
  3 giant cockroaches
  6 goblins
  3 hobgoblins
  4 jackals (D:4)
  14 kobolds
  3 quokkas
  10 bats
  4 frilled lizards
  9 rats
228 creatures vanquished.

Vanquished Creatures (collateral kills)
  5 yaks (D:10)
  A centaur (D:9)
  2 wights (D:9)
8 creatures vanquished.

Vanquished Creatures (others)
  An orc (D:3)
  23 fungi (Lair:1)
  75 plants
99 creatures vanquished.

Grand Total: 335 creatures vanquished

Notes
Turn   | Place    | Note
-------+----------+-------------------------------------------
     0 | D:1      | dianekeaton the Minotaur Berserker began the quest for the
                  | Orb.
     0 | D:1      | Reached XP level 1. HP: 19/19 MP: 0/0
    55 | D:1      | Reached skill level 4 in Maces & Flails
   105 | D:1      | Reached XP level 2. HP: 25/26 MP: 1/1
   620 | D:1      | Reached skill level 5 in Maces & Flails
   878 | D:2      | Found a faded altar of an unknown god.
   891 | D:2      | Noticed Sigmund
   901 | D:2      | Reached XP level 3. HP: 31/31 MP: 2/2
   906 | D:2      | Killed Sigmund
   906 | D:2      | Reached ** piety under Trog
   907 | D:2      | Reached skill level 7 in Maces & Flails
   907 | D:2      | Reached XP level 4. HP: 37/39 MP: 3/3
   907 | D:2      | Reached XP level 5. HP: 43/45 MP: 4/4
  1311 | D:2      | Noticed Jessica
  1318 | D:2      | Killed Jessica
  1365 | D:2      | Reached skill level 8 in Maces & Flails
  1772 | D:3      | Found Nananoz's Antique Armour Emporium.
  1782 | D:3      | Reached XP level 6. HP: 35/51 MP: 5/5
  1976 | D:3      | Noticed Ijyb
  1994 | D:3      | Killed Ijyb
  2252 | D:3      | Found a runed translucent door.
  2254 | D:3      | Noticed solopath's ghost (amateur OpTm)
  2263 | D:3      | Killed solopath's ghost
  2264 | D:3      | Reached skill level 9 in Maces & Flails
  2358 | D:3      | Reached *** piety under Trog
  3154 | D:4      | Reached XP level 7. HP: 57/57 MP: 6/6
  3282 | D:4      | Reached skill level 10 in Maces & Flails
  3581 | D:5      | Entered Level 5 of the Dungeon
  3581 | D:5      | Noticed Grinder
  3736 | D:5      | Killed Grinder
  3737 | D:5      | Reached skill level 11 in Maces & Flails
  3788 | D:5      | Reached XP level 8. HP: 55/64 MP: 7/7
  4300 | D:5      | Reached skill level 12 in Maces & Flails
  4433 | D:6      | Found a staircase to the Ecumenical Temple.
  4892 | D:6      | Reached skill level 13 in Maces & Flails
  5335 | D:6      | Found a burning altar of Makhleb.
  5657 | D:7      | Reached XP level 9. HP: 61/70 MP: 8/8
  5928 | D:7      | Reached skill level 14 in Maces & Flails
  5983 | D:7      | Noticed Pikel
  6000 | D:7      | Killed Pikel
  6000 | D:7      | Reached **** piety under Trog
  6441 | D:7      | Noticed Harold
  6459 | D:7      | Killed Harold
  6460 | D:7      | Reached skill level 15 in Maces & Flails
  6943 | D:8      | Noticed a two-headed ogre
  6960 | D:8      | Killed a two-headed ogre
  6961 | D:8      | Reached skill level 16 in Maces & Flails
  6961 | D:8      | Reached XP level 10. HP: 77/77 MP: 9/9
  6979 | D:8      | Reached skill level 1 in Throwing
  7204 | D:8      | Noticed Grum
  7493 | D:8      | Killed Grum
  7686 | D:8      | Found Mugeyff's General Store.
  7974 | D:9      | Noticed a cyclops
  7985 | D:9      | Killed a cyclops
  8188 | D:9      | Found a transporter.
  8189 | D:9      | Noticed pkoi's ghost (novice TrMo)
  8189 | D:9      | Identified the +8 great mace of the Genius {antimagic,
                  | Str+8 Int-5 Dex+3}
  8189 | D:9      | Noticed a two-headed ogre
  8189 | D:9      | Noticed a two-headed ogre
  8381 | D:9      | Reached skill level 5 in Armour
  8902 | D:8      | Reached skill level 5 in Fighting
  9674 | D:9      | Noticed Joseph
  9707 | D:9      | Killed Joseph
 10249 | D:10     | Entered Level 10 of the Dungeon
 10316 | D:10     | Noticed a two-headed ogre
 10339 | D:10     | Killed a two-headed ogre
 10360 | D:10     | Reached XP level 11. HP: 54/89 MP: 10/10
 11749 | D:10     | Reached skill level 5 in Throwing
 11924 | D:10     | Found a staircase to the Lair.
 11924 | D:10     | Noticed an oklob plant
 11924 | D:10     | Noticed an oklob plant
 11978 | Lair:1   | Entered Level 1 of the Lair of Beasts
 12048 | Lair:1   | Identified a scroll of acquirement
 12048 | Lair:1   | Acquired a +0 crystal plate armour
 12150 | Lair:1   | Reached skill level 10 in Armour
 12322 | Lair:1   | Noticed a six-headed hydra
 12333 | Lair:1   | Killed a six-headed hydra
 12893 | Lair:1   | HP: 7/141 [poisoned by a cane toad]
 12895 | Lair:1   | HP: 3/141 [poisoned by a cane toad]
 12896 | Lair:1   | HP: 1/141 [poisoned by a cane toad]
 12897 | Lair:1   | Succumbed to a cane toad's poison

Illustrated notes

Levels and vault maps discovered:
D:1:      dpeg_arrival_round_b, layout_loops_ring
D:2:      layout_loops_ring, ebering_ecumenical_altar_mist, uniq_jessica,
          uniq_sigmund
D:3:      layout_basic, serial_shops, nicolae_shop_statue_plus,
          ebering_ghost_reflecting_pool, nrook_campfire,
          chequers_hall_statues_corner_a, chequers_serial_rivers_micro_e,
          lightli_corner_chamber, uniq_ijyb
D:4:      layout_loops_cross
D:5:      layout_rooms, bh_walls_and_bars, uniq_grinder
D:6:      layout_gridville, mainiacjoe_overflow_24_doors,
          minmay_temple_entry_hall
D:7:      layout_gridville, uniq_harold, uniq_pikel
D:8:      layout_rooms, serial_shops, nicolae_shop_statue_plus,
          lightli_orcish_oven, uniq_grum
D:9:      layout_roguey, gammafunk_ghost_smash, uniq_joseph
D:10:     layout_basic, dpeg_oklobed_lair, minmay_alternating_orb
Lair:1:   minmay_lair_venomous_thicket, layout_loops_ring, beast_lair_carwin_9,
          grunt_megastairs_4

Skill      XL: |  1  2  3  4  5  6  7  8  9 10 11 |
---------------+----------------------------------+-----
Maces & Flails | 4 5 7 8 9 11 13 16 | 16.3
Throwing       | 4 6 |  6.0
Armour         | 8 11 | 11.6
Fighting       | 6 8 |  8.2
Dodging        | 3 |  3.2

Action                   |  1- 3 |  4- 6 |  7- 9 | 10-12 || total
-------------------------+-------+-------+-------+-------++-------
Melee: Mace              |    47 |   135 |   198 |       ||   380
       Headbutt          |     6 |    21 |    57 |   115 ||   199
       Whip              |       |       |    31 |   437 ||   468
Throw: Throwing net      |       |       |     3 |     6 ||     9
Invok: Berserk           |     1 |       |     2 |     4 ||     7
       Trog's Hand       |       |     1 |     3 |     3 ||     7
       Brothers in Arms  |       |       |       |     3 ||     3
  Use: Scroll            |     1 |     6 |    16 |     8 ||    31
       Potion            |       |       |     1 |     2 ||     3
 Stab: Held in net/web   |       |       |     2 |     1 ||     3
Armor: Animal skin       |     7 |       |       |       ||     7
       Leather armour    |     4 |       |       |       ||     4
       Plate armour      |     3 |    96 |    87 |   102 ||   288
       Crystal plate arm |       |       |       |    45 ||    45
Dodge: Dodged            |    27 |    50 |    97 |   185 ||   359
       Repelled          |       |     1 |     1 |     4 ||     6
